Reign vs Wolves

Created - Friday, January 22, 2016 at 00:04

Goals
1 2 3 T
Reign 2 2 1 5
Wolves 0 0 1 1
Shots
1 2 3 T
Reign 2 14 14 30
Wolves 6 8 10 24

1st period

1. Reign , Joe Morrow 9 (William Karlsson, Luke Gazdic) at 5:49 (PP)
2. Reign , Joe Morrow 10 (William Karlsson, Luke Gazdic) at 18:53 (PP)

Penalties :
Gus Young (CHI) for Fighting (Major) at 1:33, Derek Forbort (ONT) for Fighting (Major) at 1:33, Gus Young (CHI) for instigated a fight (Minor) at 1:33, Gus Young (CHI) for instigated a fight (10 Minutes Misconduct) at 1:33, Josh Anderson (CHI) for Hooking (Minor) at 3:57, Brian McGrattan (ONT) for Holding (Minor) at 9:00, Scott Kosmachuk (CHI) for Interference (Minor) at 18:33

2nd period

3. Reign , Tom Kostopoulos 1 (Luke Gazdic, William Karlsson) at 0:10
4. Reign , Luke Gazdic 8 (William Karlsson, Justin Falk) at 0:40

Penalties :
Chris Brown (CHI) for Interference (Minor) at 1:07, Ryan Sproul (CHI) for Fighting (Major) at 3:14, Taylor Doherty (ONT) for Fighting (Major) at 3:14, Brian O'Neill (CHI) for Goalie Interference (Minor) at 12:04, Josh Anderson (CHI) for Interference (Minor) at 16:55

3rd period

5. Wolves , Joe Whitney 6 (Ryan Reaves, Joakim Nordstrom) at 0:14
6. Reign , Joe Morrow 11 (Matej Stransky, Troy Grosenick) at 5:03

Penalties :
Joe Piskula (CHI) for Fighting (Major) at 1:42, Derek Forbort (ONT) for Fighting (Major) at 1:42, Joe Piskula (CHI) for instigated a fight (Minor) at 1:42, Joe Piskula (CHI) for instigated a fight (10 Minutes Misconduct) at 1:42, Brian McGrattan (ONT) for Hooking (Minor) at 15:07

Goalie Stats

Troy Grosenick (ONT), 23 saves from 24 shots - (0.958), W, 21-11-15, 60:00 minutes
FARM GOALIE18 (CHI), 1 saves from 5 shots - (0.200), L, 0-3-0, 20:40 minutes
Evgeni Nabokov (CHI), 24 saves from 25 shots - (0.960), 39:20 minutes

Players Stats for Reign

Player Name              G  A  P  +/- PIM S  H  SB GA TA FO     MP     PP MP  PK MP  
------------------------------------------------------------------------------------
Brett Olson              0  0  0   0  0   1  1  1  4  0  7/8    19:11   5:30   0:00 
Brian McGrattan          0  0  0   0  4   3  4  0  2  1  1/1    19:39   5:30   0:00 
C.J. Stretch             0  0  0   1  0   1  1  1  0  0  6/9    15:23   0:00   1:50 
Cody Beach               0  0  0   1  0   0  0  0  1  0  0/0    13:18   0:00   0:00 
Davis Drewiske           0  0  0   0  0   1  2  1  0  0  0/0    17:52   2:51   0:00 
Derek Forbort            0  0  0   0  10  1  2  1  0  0  0/0    15:54   2:14   1:04 
Jared Knight             0  0  0   0  0   0  2  0  0  0  0/0     6:08   0:00   0:00 
Jason Jaffray            0  0  0   0  0   1  3  0  0  0  0/0    20:30   5:30   0:49 
Joe Morrow               3  0  3   2  0   8  0  1  0  6  0/0    25:15   7:02   2:54 
Justin Falk              0  1  1   2  0   1  1  3  0  0  0/0    25:46   7:02   2:54 
Luke Gazdic              1  3  4   1  0   5  2  0  4  1  0/0    17:34   6:37   0:24 
Matej Stransky           0  1  1   1  0   1  0  0  1  1  1/1    13:18   0:00   0:00 
Mathieu Tousignant       0  0  0   0  0   0  0  0  0  0  0/0     2:50   0:23   0:00 
Nathan Paetsch           0  0  0   0  0   0  3  1  0  2  0/0    22:53   5:05   1:04 
Taylor Doherty           0  0  0   0  5   1  1  0  0  1  0/0    12:17   0:00   0:00 
Taylor Peters            0  0  0   0  0   0  0  0  0  0  2/4     6:08   0:00   0:00 
Tom Kostopoulos          1  0  1   1  0   2  2  0  0  0  0/0    19:58   6:37   3:03 
William Karlsson         0  4  4   1  0   4  0  2  3  0  14/22  22:03   6:14   1:50 

Players Stats for Wolves

Player Name              G  A  P  +/- PIM S  H  SB GA TA FO     MP     PP MP  PK MP  
------------------------------------------------------------------------------------
Adam Pelech              0  0  0   0  0   0  0  3  0  1  0/0    21:55   2:20   6:15 
Andre Benoit             0  0  0  -2  0   6  0  1  2  1  0/0    26:21   1:38   5:52 
Brian O'Neill            0  0  0  -1  2   1  1  0  1  1  1/1    20:00   1:41   2:53 
Chris Brown              0  0  0  -1  2   2  1  0  2  0  0/0    16:50   1:41   0:30 
Colton Sissons           0  0  0  -1  0   1  0  0  3  1  2/5    20:31   1:41   3:23 
Evan Rankin              0  0  0   0  0   2  1  1  3  0  0/0    14:29   0:30   0:00 
Gus Young                0  0  0   0  17  0  1  0  0  0  0/0     9:47   0:00   1:10 
Joakim Nordstrom         0  1  1  -1  0   1  1  1  2  2  3/13   20:17   2:17   8:44 
Joe Piskula              0  0  0   0  17  0  1  1  0  2  0/0    16:13   1:33   5:05 
Joe Whitney              1  0  1  -1  0   2  1  0  0  0  0/0    12:09   2:17   0:00 
Josh Anderson            0  0  0   0  4   1  3  0  0  0  0/0    13:22   0:00   0:00 
Kevin Gagne              0  0  0   0  0   1  0  0  0  1  0/0    14:54   0:47   0:00 
Kevin Lynch              0  0  0   0  0   1  0  0  0  0  1/5     5:52   0:00   0:00 
Ryan Reaves              0  1  1  -1  0   4  2  0  2  0  4/11   21:48   1:47   7:10 
Ryan Sproul              0  0  0  -2  5   1  2  0  1  1  0/0    19:58   1:38   5:52 
Scott Kosmachuk          0  0  0   0  2   0  0  0  1  0  0/0     6:21   0:00   0:00 
Sebastian Wannstrom      0  0  0   0  0   1  1  0  0  0  3/10   16:09   0:00   1:34 
Zach Miskovic            0  0  0   0  0   0  1  0  0  0  0/0    10:49   0:00   0:00 

3 Stars

1 - Joe Morrow (ONT)
2 - Luke Gazdic (ONT)
3 - William Karlsson (ONT)

Power Play

Reign - 2 on 7 Attempt(s) - 28.57%
Wolves - 0 on 2 Attempt(s) - 0.00%

Penalty Kill

Reign - 2 on 2 Attempt(s) - 100.00% - Score 0 goal in Penalty Kill
Wolves - 5 on 7 Attempt(s) - 71.43% - Score 0 goal in Penalty Kill

Team Stat

Reign - Hits : 24 - Faceoff Wins : 31 - Blocked Shots : 11 - Penalty Minutes : 19
Wolves - Hits : 16 - Faceoff Wins : 14 - Blocked Shots : 7 - Penalty Minutes : 49

Official

Referees : Unknown
Linesman : Unknown

Game Notes

Gus Young and Derek Forbort fight to a draw at 1:33 of 1st period
Evgeni Nabokov enters game at 0:40 of 2nd period
Ryan Sproul beats up Taylor Doherty at 3:14 of 2nd period
Joe Piskula beats up Derek Forbort at 1:42 of 3rd period
Joe Morrow has scored a Hat Trick!

Finance

Level 1 -- Attendance: 1361 (68.05%) -- Ticket Income $34,025
Level 2 -- Attendance: 732 (73.20%) -- Ticket Income $5,856
Total Attendance: 2093 (69.77%)
Total Ticket Income: $39,881
Other Income: $19,542
Total Income: $59,423

Reign

5 vs 5 Forward 
   Center                   Left Wing                Right Wing               Time % Phy DF OF 
 1 William Karlsson         Luke Gazdic              Tom Kostopoulos          35     1   2  2  
 2 Brett Olson              Jason Jaffray            Brian McGrattan          30     1   2  2  
 3 C.J. Stretch             Cody Beach               Matej Stransky           22     1   2  2  
 4 Taylor Peters            William Karlsson         Jared Knight             13     1   2  2  

5 vs 5 Defense 
   Defense                  Defense                                           Time % Phy DF OF 
 1 Joe Morrow               Justin Falk                                       35     1   2  2  
 2 Nathan Paetsch           Derek Forbort                                     30     1   2  2  
 3 Davis Drewiske           Taylor Doherty                                    22     1   2  2  
 4 Joe Morrow               Justin Falk                                       13     1   2  2  

PowerPlay Forward 
   Center                   Left Wing                Right Wing               Time % Phy DF OF 
 1 William Karlsson         Luke Gazdic              Tom Kostopoulos          60     1   2  2  
 2 Brett Olson              Jason Jaffray            Brian McGrattan          40     1   2  2  

PowerPlay Defense
   Defense                  Defense                                           Time % Phy DF OF 
 1 Joe Morrow               Justin Falk                                       60     1   2  2  
 2 Nathan Paetsch           Derek Forbort                                     40     1   2  2  

Penalty Kill 4 Players Forward 
   Center                   Wing                     Time % Phy DF OF 
 1 William Karlsson         Tom Kostopoulos          60     1   2  2  
 2 Luke Gazdic              Jason Jaffray            40     1   2  2  

Penalty Kill 4 Players Defense
   Defense                  Defense                  Time % Phy DF OF 
 1 Joe Morrow               Justin Falk              60     1   2  2  
 2 Nathan Paetsch           Derek Forbort            40     1   2  2  

Penalty Kill - 3 Players Forward 
   Forward                                           Time % Phy DF OF 
 1 William Karlsson                                  60     1   2  2  
 2 Tom Kostopoulos                                   40     1   2  2  

Penalty Kill - 3 Players Defense
   Defense                  Defense                  Time % Phy DF OF 
 1 Joe Morrow               Justin Falk              60     1   2  2  
 2 Nathan Paetsch           Derek Forbort            40     1   2  2  

4 vs 4 Forward 
   Center                   Wing                     Time % Phy DF OF 
 1 William Karlsson         Tom Kostopoulos          60     1   2  2  
 2 Luke Gazdic              Jason Jaffray            40     1   2  2  

4 vs 4 Defense
   Defense                  Defense                  Time % Phy DF OF 
 1 Joe Morrow               Justin Falk              60     1   2  2  
 2 Nathan Paetsch           Derek Forbort            40     1   2  2  

Last Minutes Offensive
   Center                   Left Wing                Right Wing               Defense                  Defense                  
   William Karlsson         Luke Gazdic              Tom Kostopoulos          Joe Morrow               Justin Falk              

Last Minutes Defensive
   Center                   Left Wing                Right Wing               Defense                  Defense                  
   William Karlsson         Luke Gazdic              Tom Kostopoulos          Joe Morrow               Justin Falk              

Goaltenders
Starting : Troy Grosenick           
Backup : Anthony Peters           

Extra Forwards
Normal : Mathieu Tousignant, Matej Stransky, C.J. Stretch - PP : Mathieu Tousignant, Matej Stransky - PK : C.J. Stretch
Extra Defensemen
Normal : Davis Drewiske, Taylor Doherty, Nathan Paetsch - PP : Davis Drewiske - PK : Taylor Doherty, Nathan Paetsch
Penalty Shots
William Karlsson, Tom Kostopoulos, Luke Gazdic, Jason Jaffray, Brian McGrattan

Wolves

5 vs 5 Forward 
   Center                   Left Wing                Right Wing               Time % Phy DF OF 
 1 Joakim Nordstrom         Joe Whitney              Ryan Reaves              35     1   2  2  
 2 Colton Sissons           Chris Brown              Brian O'Neill            30     1   2  2  
 3 Sebastian Wannstrom      Josh Anderson            Evan Rankin              22     1   2  2  
 4 Kevin Lynch              Ryan Reaves              Scott Kosmachuk          13     1   2  2  

5 vs 5 Defense 
   Defense                  Defense                                           Time % Phy DF OF 
 1 Andre Benoit             Ryan Sproul                                       35     1   2  2  
 2 Joe Piskula              Adam Pelech                                       30     1   2  2  
 3 Kevin Gagne              Gus Young                                         22     1   2  2  
 4 Zach Miskovic            Andre Benoit                                      13     1   2  2  

PowerPlay Forward 
   Center                   Left Wing                Right Wing               Time % Phy DF OF 
 1 Joakim Nordstrom         Joe Whitney              Ryan Reaves              60     1   2  2  
 2 Colton Sissons           Chris Brown              Brian O'Neill            40     1   2  2  

PowerPlay Defense
   Defense                  Defense                                           Time % Phy DF OF 
 1 Andre Benoit             Ryan Sproul                                       60     1   2  2  
 2 Joe Piskula              Adam Pelech                                       40     1   2  2  

Penalty Kill 4 Players Forward 
   Center                   Wing                     Time % Phy DF OF 
 1 Ryan Reaves              Joakim Nordstrom         60     1   2  2  
 2 Brian O'Neill            Colton Sissons           40     1   2  2  

Penalty Kill 4 Players Defense
   Defense                  Defense                  Time % Phy DF OF 
 1 Andre Benoit             Ryan Sproul              60     1   2  2  
 2 Joe Piskula              Adam Pelech              40     1   2  2  

Penalty Kill - 3 Players Forward 
   Forward                                           Time % Phy DF OF 
 1 Ryan Reaves                                       60     1   2  2  
 2 Joakim Nordstrom                                  40     1   2  2  

Penalty Kill - 3 Players Defense
   Defense                  Defense                  Time % Phy DF OF 
 1 Andre Benoit             Ryan Sproul              60     1   2  2  
 2 Joe Piskula              Adam Pelech              40     1   2  2  

4 vs 4 Forward 
   Center                   Wing                     Time % Phy DF OF 
 1 Ryan Reaves              Joakim Nordstrom         60     1   2  2  
 2 Brian O'Neill            Colton Sissons           40     1   2  2  

4 vs 4 Defense
   Defense                  Defense                  Time % Phy DF OF 
 1 Andre Benoit             Ryan Sproul              60     1   2  2  
 2 Joe Piskula              Adam Pelech              40     1   2  2  

Last Minutes Offensive
   Center                   Left Wing                Right Wing               Defense                  Defense                  
   Joakim Nordstrom         Joe Whitney              Ryan Reaves              Andre Benoit             Ryan Sproul              

Last Minutes Defensive
   Center                   Left Wing                Right Wing               Defense                  Defense                  
   Joakim Nordstrom         Joe Whitney              Ryan Reaves              Andre Benoit             Ryan Sproul              

Goaltenders
Starting : FARM GOALIE18            
Backup : Evgeni Nabokov           

Extra Forwards
Normal : Evan Rankin, Scott Kosmachuk, Sebastian Wannstrom - PP : Evan Rankin, Scott Kosmachuk - PK : Sebastian Wannstrom
Extra Defensemen
Normal : Kevin Gagne, Gus Young, Zach Miskovic - PP : Kevin Gagne - PK : Gus Young, Zach Miskovic
Penalty Shots
Ryan Reaves, Joakim Nordstrom, Brian O'Neill, Colton Sissons, Joe Whitney

% Time on Ice - Reign

Lines # - Real PCT - Wanted PCT - Time Play
Normal Forward
1 - 24% - 35% - 10:33
2 - 32% - 30% - 13:56
3 - 30% - 22% - 13:18
4 - 14% - 13% - 6:08
Normal Defense
1 - 31% - 35% - 13:50
2 - 35% - 30% - 15:27
3 - 30% - 22% - 13:09
4 - 3% - 13% - 1:29
PP Forward
1 - 55% - 60% - 6:37
2 - 45% - 40% - 5:30
PP Defense
1 - 58% - 60% - 7:02
2 - 42% - 40% - 5:05
PK Forward
1 - 90% - 60% - 3:34
2 - 10% - 40% - 0:24
PK Defense
1 - 73% - 60% - 2:54
2 - 27% - 40% - 1:04
PK3 Forward
1 - 0% - 60%
2 - 0% - 40%
PK3 Defense
1 - 0% - 60%
2 - 0% - 40%
44 Forward
1 - 0% - 60%
2 - 0% - 40%
44 Defense
1 - 0% - 60%
2 - 0% - 40%
Last Minute Offensive  - 0:00
Last Minute Defensive  - 0:00
Total
Forward - 60:00
Defense - 60:00

% Time on Ice - Wolves

Lines # - Real PCT - Wanted PCT - Time Play
Normal Forward
1 - 21% - 35% - 9:16
2 - 35% - 30% - 15:27
3 - 30% - 22% - 13:20
4 - 13% - 13% - 5:52
Normal Defense
1 - 32% - 35% - 13:51
2 - 30% - 30% - 13:20
3 - 27% - 22% - 11:44
4 - 11% - 13% - 5:00
PP Forward
1 - 58% - 60% - 2:17
2 - 42% - 40% - 1:41
PP Defense
1 - 41% - 60% - 1:38
2 - 59% - 40% - 2:20
PK Forward
1 - 72% - 60% - 8:44
2 - 28% - 40% - 3:23
PK Defense
1 - 48% - 60% - 5:52
2 - 52% - 40% - 6:15
PK3 Forward
1 - 0% - 60%
2 - 0% - 40%
PK3 Defense
1 - 0% - 60%
2 - 0% - 40%
44 Forward
1 - 0% - 60%
2 - 0% - 40%
44 Defense
1 - 0% - 60%
2 - 0% - 40%
Last Minute Offensive  - 0:00
Last Minute Defensive  - 0:00
Total
Forward - 60:00
Defense - 60:00

Play by Play

1st period


0:01 of 1st period - William Karlsson wins face-off versus Joakim Nordstrom in neutral zone.
0:35 of 1st period - Joe Morrow is hit by Ryan Reaves.
0:51 of 1st period - Brian O'Neill is hit by Jason Jaffray and loses puck.
1:00 of 1st period - Wrist shot by Colton Sissons.
1:00 of 1st period - Shot Blocked by Justin Falk.
1:33 of 1st period - Gus Young and Derek Forbort fight to a draw.
1:33 of 1st period - Penalty to Gus Young for Fighting.
1:33 of 1st period - Penalty to Derek Forbort for Fighting.
1:33 of 1st period - Penalty to Gus Young for instigated a fight.
1:33 of 1st period - Penalty to Gus Young for instigated a fight.
1:34 of 1st period - Ryan Reaves wins face-off versus William Karlsson in Wolves zone.
2:07 of 1st period - Andre Benoit is hit by Davis Drewiske and loses puck.
2:26 of 1st period - Ryan Reaves is hit by Nathan Paetsch and loses puck.
2:31 of 1st period - Slapshot by Jason Jaffray.
2:31 of 1st period - Shot Blocked by Andre Benoit.
3:33 of 1st period - Penalty to Gus Young is over, Sebastian Wannstrom is send on ice.
3:57 of 1st period - Minor Penalty to Josh Anderson for Hooking.
3:58 of 1st period - Ryan Reaves wins face-off versus William Karlsson in Wolves zone.
4:37 of 1st period - Colton Sissons is hit by Nathan Paetsch.
4:43 of 1st period - Wrist shot by Brian O'Neill.
4:43 of 1st period - Shot Blocked by Nathan Paetsch.
4:45 of 1st period - Backhand shot by Andre Benoit.
4:45 of 1st period - Shot Blocked by Brett Olson.
4:49 of 1st period - Slapshot by Andre Benoit.
4:49 of 1st period - Stopped by Troy Grosenick without a rebound.
4:50 of 1st period - Brian O'Neill wins face-off versus William Karlsson in Reign zone.
5:47 of 1st period - Slapshot by Joe Morrow.
5:47 of 1st period - Shot Misses the Net.
5:49 of 1st period - Slapshot by Joe Morrow.
5:49 of 1st period - Goal by Joe Morrow - Reign : 1 - Wolves : 0.
5:50 of 1st period - C.J. Stretch wins face-off versus Sebastian Wannstrom in neutral zone.
6:52 of 1st period - Wrist shot by Chris Brown.
6:52 of 1st period - Shot Misses the Net.
7:53 of 1st period - Tom Kostopoulos is hit by Evan Rankin and loses puck.
8:44 of 1st period - Backhand shot by Joe Morrow.
8:44 of 1st period - Shot Blocked by Adam Pelech.
9:00 of 1st period - Minor Penalty to Brian McGrattan for Holding.
9:01 of 1st period - Joakim Nordstrom wins face-off versus William Karlsson in Reign zone.
9:06 of 1st period - Slapshot by Ryan Reaves.
9:06 of 1st period - Stopped by Troy Grosenick without a rebound.
9:07 of 1st period - William Karlsson wins face-off versus Joakim Nordstrom in Reign zone.
11:00 of 1st period - Penalty to Brian McGrattan is over, Brian McGrattan is back on ice.
11:12 of 1st period - Slapshot by Josh Anderson.
11:12 of 1st period - Stopped by Troy Grosenick with a rebound.
11:14 of 1st period - Slapshot by Kevin Gagne.
11:14 of 1st period - Stopped by Troy Grosenick without a rebound.
11:15 of 1st period - C.J. Stretch wins face-off versus Sebastian Wannstrom in Reign zone.
11:56 of 1st period - Snap shot by Ryan Reaves.
11:56 of 1st period - Shot Misses the Net.
12:24 of 1st period - Brian O'Neill is hit by Davis Drewiske and loses puck.
12:52 of 1st period - Snap shot by William Karlsson.
12:52 of 1st period - Shot Misses the Net.
13:16 of 1st period - William Karlsson is hit by Josh Anderson and loses puck.
14:59 of 1st period - Brian O'Neill is hit by Brian McGrattan and loses puck.
15:42 of 1st period - Slapshot by Nathan Paetsch.
15:42 of 1st period - Shot Blocked by Adam Pelech.
16:06 of 1st period - Kevin Lynch is hit by Jared Knight and loses puck.
16:33 of 1st period - 10 Minutes Misconduct Penalty to Gus Young is over.
16:36 of 1st period - Cody Beach is hit by Ryan Sproul and loses puck.
16:55 of 1st period - Ryan Sproul is hit by Brian McGrattan and loses puck.
18:33 of 1st period - Minor Penalty to Scott Kosmachuk for Interference.
18:34 of 1st period - Ryan Reaves wins face-off versus William Karlsson in Wolves zone.
18:34 of 1st period - Ryan Reaves is hit by Luke Gazdic.
18:53 of 1st period - Wrist shot by Joe Morrow.
18:53 of 1st period - Goal by Joe Morrow - Reign : 2 - Wolves : 0.
18:54 of 1st period - C.J. Stretch wins face-off versus Sebastian Wannstrom in neutral zone.
19:15 of 1st period - Slapshot by Andre Benoit.
19:15 of 1st period - Stopped by Troy Grosenick with a rebound.
19:17 of 1st period - Wrist shot by Sebastian Wannstrom.
19:17 of 1st period - Stopped by Troy Grosenick without a rebound.
19:18 of 1st period - Brett Olson wins face-off versus Colton Sissons in Reign zone.
19:18 of 1st period - Brett Olson is hit by Brian O'Neill.
19:56 of 1st period - Off-side.
19:57 of 1st period - William Karlsson wins face-off versus Kevin Lynch in neutral zone.
Goals for this period are 2 for Reign vs 0 for Wolves.
Shots for this period are 2 for Reign vs 6 for Wolves.

2nd period


0:01 of 2nd period - William Karlsson wins face-off versus Joakim Nordstrom in neutral zone.
0:06 of 2nd period - Snap shot by William Karlsson.
0:06 of 2nd period - Shot Misses the Net.
0:08 of 2nd period - Slapshot by Luke Gazdic.
0:08 of 2nd period - Shot Misses the Net.
0:10 of 2nd period - Backhand shot by Tom Kostopoulos.
0:10 of 2nd period - Goal by Tom Kostopoulos - Reign : 3 - Wolves : 0.
0:11 of 2nd period - Joakim Nordstrom wins face-off versus William Karlsson in neutral zone.
0:24 of 2nd period - Snap shot by Joakim Nordstrom.
0:24 of 2nd period - Stopped by Troy Grosenick with a rebound.
0:34 of 2nd period - Wrist shot by William Karlsson.
0:34 of 2nd period - Shot Misses the Net.
0:36 of 2nd period - Slapshot by Justin Falk.
0:36 of 2nd period - Shot Misses the Net.
0:38 of 2nd period - Wrist shot by William Karlsson.
0:38 of 2nd period - Stopped by FARM GOALIE18 with a rebound.
0:40 of 2nd period - Snap shot by Luke Gazdic.
0:40 of 2nd period - Goal by Luke Gazdic - Reign : 4 - Wolves : 0.
0:40 of 2nd period - Evgeni Nabokov enters game.
0:41 of 2nd period - Brett Olson wins face-off versus Colton Sissons in neutral zone.
0:44 of 2nd period - Slapshot by Joe Morrow.
0:44 of 2nd period - Stopped by Evgeni Nabokov with a rebound.
0:46 of 2nd period - Slapshot by Justin Falk.
0:46 of 2nd period - Shot Misses the Net.
0:48 of 2nd period - Slapshot by Joe Morrow.
0:48 of 2nd period - Deflect By Brian McGrattan.
0:48 of 2nd period - Stopped by Evgeni Nabokov with a rebound.
1:07 of 2nd period - Minor Penalty to Chris Brown for Interference.
1:08 of 2nd period - William Karlsson wins face-off versus Ryan Reaves in Wolves zone.
2:05 of 2nd period - Joe Piskula is hit by Brian McGrattan.
2:43 of 2nd period - Wrist shot by Brian O'Neill.
2:43 of 2nd period - Deflect By William Karlsson.
2:43 of 2nd period - Shot Misses the Net.
2:43 of 2nd period - Puck is out of play.
2:44 of 2nd period - William Karlsson wins face-off versus Ryan Reaves in Reign zone.
3:03 of 2nd period - Snap shot by Ryan Reaves.
3:03 of 2nd period - Shot Misses the Net.
3:07 of 2nd period - Penalty to Chris Brown is over, Chris Brown is back on ice.
3:14 of 2nd period - Ryan Sproul beats up Taylor Doherty.
3:14 of 2nd period - Penalty to Ryan Sproul for Fighting.
3:14 of 2nd period - Penalty to Taylor Doherty for Fighting.
3:15 of 2nd period - Colton Sissons wins face-off versus C.J. Stretch in Wolves zone.
4:12 of 2nd period - Sebastian Wannstrom is hit by Tom Kostopoulos and loses puck.
4:37 of 2nd period - Wrist shot by William Karlsson.
4:37 of 2nd period - Shot Misses the Net.
4:39 of 2nd period - Slapshot by Joe Morrow.
4:39 of 2nd period - Shot Misses the Net.
6:42 of 2nd period - Wrist shot by Andre Benoit.
6:42 of 2nd period - Stopped by Troy Grosenick with a rebound.
6:44 of 2nd period - Slapshot by Evan Rankin.
6:44 of 2nd period - Stopped by Troy Grosenick without a rebound.
6:45 of 2nd period - William Karlsson wins face-off versus Sebastian Wannstrom in Reign zone.
6:55 of 2nd period - William Karlsson is hit by Josh Anderson and loses puck.
7:26 of 2nd period - Ryan Reaves is hit by Jason Jaffray and loses puck.
7:42 of 2nd period - Snap shot by Jason Jaffray.
7:42 of 2nd period - Shot Blocked by Adam Pelech.
7:44 of 2nd period - Wrist shot by Brian McGrattan.
7:44 of 2nd period - Stopped by Evgeni Nabokov with a rebound.
8:00 of 2nd period - Kevin Gagne is hit by Nathan Paetsch and loses puck.
8:13 of 2nd period - Snap shot by Colton Sissons.
8:13 of 2nd period - Stopped by Troy Grosenick with a rebound.
8:15 of 2nd period - Slapshot by Chris Brown.
8:15 of 2nd period - Stopped by Troy Grosenick without a rebound.
8:16 of 2nd period - Kevin Lynch wins face-off versus C.J. Stretch in Reign zone.
8:53 of 2nd period - Icing by Colton Sissons.
8:54 of 2nd period - Colton Sissons wins face-off versus William Karlsson in Wolves zone.
9:12 of 2nd period - Snap shot by Luke Gazdic.
9:12 of 2nd period - Stopped by Evgeni Nabokov with a rebound.
9:30 of 2nd period - Brett Olson is hit by Josh Anderson and loses puck.
9:47 of 2nd period - Josh Anderson is hit by Derek Forbort and loses puck.
10:37 of 2nd period - Wrist shot by Brian O'Neill.
10:37 of 2nd period - Stopped by Troy Grosenick with a rebound.
10:39 of 2nd period - Slapshot by Kevin Gagne.
10:39 of 2nd period - Shot Blocked by C.J. Stretch.
10:41 of 2nd period - Slapshot by Kevin Gagne.
10:41 of 2nd period - Shot Misses the Net.
10:43 of 2nd period - Slapshot by Gus Young.
10:43 of 2nd period - Shot Misses the Net.
10:45 of 2nd period - Wrist shot by Brian O'Neill.
10:45 of 2nd period - Shot Blocked by Joe Morrow.
11:11 of 2nd period - Wrist shot by Tom Kostopoulos.
11:11 of 2nd period - Deflect By Luke Gazdic.
11:11 of 2nd period - Stopped by Evgeni Nabokov with a rebound.
11:13 of 2nd period - Slapshot by Davis Drewiske.
11:13 of 2nd period - Stopped by Evgeni Nabokov with a rebound.
11:15 of 2nd period - Snap shot by Luke Gazdic.
11:15 of 2nd period - Shot Misses the Net.
11:21 of 2nd period - Backhand shot by Tom Kostopoulos.
11:21 of 2nd period - Shot Misses the Net.
11:23 of 2nd period - Snap shot by Luke Gazdic.
11:23 of 2nd period - Shot Misses the Net.
11:25 of 2nd period - Slapshot by Davis Drewiske.
11:25 of 2nd period - Shot Misses the Net.
11:27 of 2nd period - Snap shot by Luke Gazdic.
11:27 of 2nd period - Deflect By Tom Kostopoulos.
11:27 of 2nd period - Shot Hit the Post.
11:27 of 2nd period - Puck is out of play.
11:28 of 2nd period - Brett Olson wins face-off versus Joakim Nordstrom in Wolves zone.
11:31 of 2nd period - Snap shot by Brian McGrattan.
11:31 of 2nd period - Stopped by Evgeni Nabokov without a rebound.
11:32 of 2nd period - Brett Olson wins face-off versus Joakim Nordstrom in Wolves zone.
11:35 of 2nd period - Snap shot by Jason Jaffray.
11:35 of 2nd period - Stopped by Evgeni Nabokov with a rebound.
12:04 of 2nd period - Minor Penalty to Brian O'Neill for Goalie Interference.
12:05 of 2nd period - William Karlsson wins face-off versus Ryan Reaves in Wolves zone.
12:50 of 2nd period - Adam Pelech is hit by Brett Olson.
13:22 of 2nd period - Luke Gazdic is hit by Joe Piskula and loses puck.
13:45 of 2nd period - Wrist shot by Joe Morrow.
13:45 of 2nd period - Stopped by Evgeni Nabokov with a rebound.
13:47 of 2nd period - Slapshot by Justin Falk.
13:47 of 2nd period - Deflect By Jason Jaffray.
13:47 of 2nd period - Shot Misses the Net.
13:47 of 2nd period - Puck is out of play.
13:48 of 2nd period - Brett Olson wins face-off versus Sebastian Wannstrom in Wolves zone.
13:49 of 2nd period - Snap shot by Joe Morrow.
13:49 of 2nd period - Shot Misses the Net.
13:51 of 2nd period - Snap shot by Justin Falk.
13:51 of 2nd period - Shot Blocked by Joakim Nordstrom.
14:04 of 2nd period - Penalty to Brian O'Neill is over, Brian O'Neill is back on ice.
14:46 of 2nd period - Snap shot by Josh Anderson.
14:46 of 2nd period - Shot Blocked by William Karlsson.
14:48 of 2nd period - Wrist shot by Sebastian Wannstrom.
14:48 of 2nd period - Shot Misses the Net.
14:50 of 2nd period - Wrist shot by Sebastian Wannstrom.
14:50 of 2nd period - Shot Blocked by Derek Forbort.
14:52 of 2nd period - Wrist shot by Evan Rankin.
14:52 of 2nd period - Stopped by Troy Grosenick with a rebound.
14:54 of 2nd period - Wrist shot by Sebastian Wannstrom.
14:54 of 2nd period - Shot Misses the Net.
15:12 of 2nd period - Slapshot by Ryan Reaves.
15:12 of 2nd period - Stopped by Troy Grosenick without a rebound.
15:13 of 2nd period - C.J. Stretch wins face-off versus Kevin Lynch in Reign zone.
15:49 of 2nd period - Slapshot by Joe Morrow.
15:49 of 2nd period - Shot Misses the Net.
16:01 of 2nd period - Davis Drewiske is hit by Chris Brown and loses puck.
16:24 of 2nd period - Snap shot by Jason Jaffray.
16:24 of 2nd period - Shot Misses the Net.
16:55 of 2nd period - Minor Penalty to Josh Anderson for Interference.
16:56 of 2nd period - Brian McGrattan wins face-off versus Ryan Reaves in Wolves zone.
17:11 of 2nd period - Slapshot by Joe Morrow.
17:11 of 2nd period - Shot Blocked by Joe Piskula.
17:13 of 2nd period - Snap shot by Justin Falk.
17:13 of 2nd period - Stopped by Evgeni Nabokov without a rebound.
17:14 of 2nd period - Brett Olson wins face-off versus Ryan Reaves in Wolves zone.
17:52 of 2nd period - Joakim Nordstrom is hit by Luke Gazdic and loses puck.
18:49 of 2nd period - Snap shot by Brett Olson.
18:49 of 2nd period - Stopped by Evgeni Nabokov without a rebound.
18:50 of 2nd period - Ryan Reaves wins face-off versus Brett Olson in Wolves zone.
18:55 of 2nd period - Penalty to Josh Anderson is over, Josh Anderson is back on ice.
19:25 of 2nd period - Davis Drewiske is hit by Ryan Sproul and loses puck.
Goals for this period are 2 for Reign vs 0 for Wolves.
Shots for this period are 14 for Reign vs 8 for Wolves.

3rd period


0:01 of 3rd period - Joakim Nordstrom wins face-off versus William Karlsson in neutral zone.
0:14 of 3rd period - Backhand shot by Joe Whitney.
0:14 of 3rd period - Goal by Joe Whitney - Reign : 4 - Wolves : 1.
0:15 of 3rd period - William Karlsson wins face-off versus Joakim Nordstrom in neutral zone.
1:11 of 3rd period - Joe Piskula is hit by Jason Jaffray and loses puck.
1:19 of 3rd period - Off-side.
1:20 of 3rd period - Sebastian Wannstrom wins face-off versus C.J. Stretch in neutral zone.
1:33 of 3rd period - Snap shot by Matej Stransky.
1:33 of 3rd period - Shot Misses the Net.
1:35 of 3rd period - Slapshot by Matej Stransky.
1:35 of 3rd period - Stopped by Evgeni Nabokov with a rebound.
1:42 of 3rd period - Joe Piskula beats up Derek Forbort.
1:42 of 3rd period - Penalty to Joe Piskula for Fighting.
1:42 of 3rd period - Penalty to Derek Forbort for Fighting.
1:42 of 3rd period - Penalty to Joe Piskula for instigated a fight.
1:42 of 3rd period - Penalty to Joe Piskula for instigated a fight.
1:43 of 3rd period - William Karlsson wins face-off versus Ryan Reaves in Wolves zone.
1:48 of 3rd period - Slapshot by Joe Morrow.
1:48 of 3rd period - Stopped by Evgeni Nabokov with a rebound.
2:30 of 3rd period - Slapshot by Andre Benoit.
2:30 of 3rd period - Shot Misses the Net.
3:24 of 3rd period - Wrist shot by Brian McGrattan.
3:24 of 3rd period - Shot Misses the Net.
3:42 of 3rd period - Penalty to Joe Piskula is over, Sebastian Wannstrom is send on ice.
4:11 of 3rd period - Backhand shot by C.J. Stretch.
4:11 of 3rd period - Shot Misses the Net.
4:13 of 3rd period - Slapshot by Taylor Doherty.
4:13 of 3rd period - Stopped by Evgeni Nabokov without a rebound.
4:14 of 3rd period - Sebastian Wannstrom wins face-off versus Taylor Peters in Wolves zone.
4:14 of 3rd period - Sebastian Wannstrom is hit by Jared Knight.
4:19 of 3rd period - Off-side.
4:20 of 3rd period - Sebastian Wannstrom wins face-off versus Taylor Peters in neutral zone.
5:03 of 3rd period - Slapshot by Joe Morrow.
5:03 of 3rd period - Goal by Joe Morrow - Reign : 5 - Wolves : 1.
5:04 of 3rd period - Brett Olson wins face-off versus Colton Sissons in neutral zone.
5:09 of 3rd period - Snap shot by Joe Morrow.
5:09 of 3rd period - Stopped by Evgeni Nabokov with a rebound.
5:47 of 3rd period - Justin Falk is hit by Zach Miskovic and loses puck.
6:02 of 3rd period - Wrist shot by Ryan Reaves.
6:02 of 3rd period - Stopped by Troy Grosenick with a rebound.
6:04 of 3rd period - Slapshot by Joakim Nordstrom.
6:04 of 3rd period - Deflect By Joe Whitney.
6:04 of 3rd period - Shot Blocked by Justin Falk.
6:04 of 3rd period - Puck is out of play.
6:05 of 3rd period - C.J. Stretch wins face-off versus Sebastian Wannstrom in Reign zone.
6:43 of 3rd period - C.J. Stretch is hit by Sebastian Wannstrom and loses puck.
7:08 of 3rd period - Wrist shot by Ryan Reaves.
7:08 of 3rd period - Shot Blocked by Davis Drewiske.
7:10 of 3rd period - Slapshot by Andre Benoit.
7:10 of 3rd period - Stopped by Troy Grosenick with a rebound.
7:12 of 3rd period - Slapshot by Andre Benoit.
7:12 of 3rd period - Stopped by Troy Grosenick with a rebound.
7:14 of 3rd period - Wrist shot by Ryan Sproul.
7:14 of 3rd period - Shot Misses the Net.
8:16 of 3rd period - Joakim Nordstrom is hit by Brian McGrattan and loses puck.
8:29 of 3rd period - Snap shot by Derek Forbort.
8:29 of 3rd period - Deflect By Ryan Reaves.
8:29 of 3rd period - Stopped by Evgeni Nabokov with a rebound.
8:45 of 3rd period - Wrist shot by Evan Rankin.
8:45 of 3rd period - Shot Misses the Net.
9:03 of 3rd period - Jared Knight is hit by Gus Young and loses puck.
9:12 of 3rd period - Wrist shot by Ryan Reaves.
9:12 of 3rd period - Shot Blocked by William Karlsson.
9:14 of 3rd period - Snap shot by Kevin Lynch.
9:14 of 3rd period - Stopped by Troy Grosenick without a rebound.
9:15 of 3rd period - Taylor Peters wins face-off versus Kevin Lynch in Reign zone.
9:34 of 3rd period - Zach Miskovic is hit by Taylor Doherty and loses puck.
9:49 of 3rd period - Snap shot by Chris Brown.
9:49 of 3rd period - Shot Misses the Net.
10:05 of 3rd period - Slapshot by Luke Gazdic.
10:05 of 3rd period - Stopped by Evgeni Nabokov with a rebound.
10:07 of 3rd period - Wrist shot by Luke Gazdic.
10:07 of 3rd period - Stopped by Evgeni Nabokov with a rebound.
10:09 of 3rd period - Snap shot by William Karlsson.
10:09 of 3rd period - Stopped by Evgeni Nabokov without a rebound.
10:10 of 3rd period - William Karlsson wins face-off versus Sebastian Wannstrom in Wolves zone.
10:41 of 3rd period - Ryan Reaves is hit by C.J. Stretch and loses puck.
11:19 of 3rd period - Kevin Gagne is hit by Derek Forbort and loses puck.
11:57 of 3rd period - Snap shot by Jared Knight.
11:57 of 3rd period - Shot Blocked by Evan Rankin.
13:09 of 3rd period - Jason Jaffray is hit by Ryan Reaves and loses puck.
13:36 of 3rd period - Brian O'Neill is hit by Tom Kostopoulos and loses puck.
13:59 of 3rd period - Slapshot by Matej Stransky.
13:59 of 3rd period - Deflect By C.J. Stretch.
13:59 of 3rd period - Stopped by Evgeni Nabokov without a rebound.
14:00 of 3rd period - Matej Stransky wins face-off versus Joakim Nordstrom in Wolves zone.
14:05 of 3rd period - Snap shot by Cody Beach.
14:05 of 3rd period - Deflect By Matej Stransky.
14:05 of 3rd period - Shot Misses the Net.
14:05 of 3rd period - Puck is out of play.
14:06 of 3rd period - C.J. Stretch wins face-off versus Ryan Reaves in Wolves zone.
14:15 of 3rd period - Wrist shot by Joe Morrow.
14:15 of 3rd period - Deflect By Ryan Reaves.
14:15 of 3rd period - Stopped by Evgeni Nabokov without a rebound.
14:16 of 3rd period - William Karlsson wins face-off versus Joakim Nordstrom in Wolves zone.
14:53 of 3rd period - Snap shot by Chris Brown.
14:53 of 3rd period - Shot Misses the Net.
15:07 of 3rd period - Minor Penalty to Brian McGrattan for Hooking.
15:08 of 3rd period - William Karlsson wins face-off versus Joakim Nordstrom in Reign zone.
15:22 of 3rd period - Snap shot by Ryan Reaves.
15:22 of 3rd period - Stopped by Troy Grosenick without a rebound.
15:23 of 3rd period - William Karlsson wins face-off versus Joakim Nordstrom in Reign zone.
15:32 of 3rd period - Joe Morrow is hit by Joakim Nordstrom and loses puck.
16:03 of 3rd period - Slapshot by Chris Brown.
16:03 of 3rd period - Stopped by Troy Grosenick with a rebound.
16:05 of 3rd period - Slapshot by Ryan Sproul.
16:05 of 3rd period - Stopped by Troy Grosenick with a rebound.
16:07 of 3rd period - Backhand shot by Brian O'Neill.
16:07 of 3rd period - Shot Blocked by Justin Falk.
16:09 of 3rd period - Slapshot by Andre Benoit.
16:09 of 3rd period - Stopped by Troy Grosenick with a rebound.
16:25 of 3rd period - Ryan Sproul is hit by Justin Falk and loses puck.
16:38 of 3rd period - Snap shot by Tom Kostopoulos.
16:38 of 3rd period - Stopped by Evgeni Nabokov with a rebound.
16:42 of 3rd period - 10 Minutes Misconduct Penalty to Joe Piskula is over.
17:07 of 3rd period - Penalty to Brian McGrattan is over, Brian McGrattan is back on ice.
18:00 of 3rd period - Taylor Doherty is hit by Joe Whitney.
18:04 of 3rd period - Wrist shot by Joe Whitney.
18:04 of 3rd period - Shot Hit the Post.
18:06 of 3rd period - Backhand shot by Joe Whitney.
18:06 of 3rd period - Stopped by Troy Grosenick without a rebound.
18:07 of 3rd period - Taylor Peters wins face-off versus Kevin Lynch in Reign zone.
18:16 of 3rd period - Wrist shot by Joe Whitney.
18:16 of 3rd period - Shot Misses the Net.
18:22 of 3rd period - Slapshot by Joe Morrow.
18:22 of 3rd period - Deflect By William Karlsson.
18:22 of 3rd period - Stopped by Evgeni Nabokov with a rebound.
18:24 of 3rd period - Slapshot by William Karlsson.
18:24 of 3rd period - Stopped by Evgeni Nabokov with a rebound.
Goals for this period are 1 for Reign vs 1 for Wolves.
Shots for this period are 14 for Reign vs 10 for Wolves.